 Dungeon Crawl Stone Soup version 0.20.1-1-g8b1a95d (webtiles) character file.

78 gungr the Insei (level 4, -6/28 HPs)
             Began as an Octopode Transmuter on Oct 29, 2017.
             Mangled by a gnoll
             ... wielding a +0 halberd
              (15 damage)
             ... on level 3 of the Dungeon.
             The game lasted 00:03:52 (2132 turns).

gungr the Insei (Octopode Transmuter)               Turns: 2132, Time: 00:03:53

Health: -6/28      AC:  1    Str:  9    XL:     4   Next: 36%
Magic:  6/7        EV: 13    Int: 16    God:
Gold:   107        SH:  0    Dex: 12    Spells: 6/7 levels left

rFire    . . .     SeeInvis .     - Unarmed
rCold    . . .     Gourm    .   (no shield)
rNeg     . . .     Faith    .   (helmet restricted)
rPois    .         Spirit   .   (no amulet)
rElec    .         Reflect  .   (no ring)
rCorr    .         Harm     .   (no ring)
MR       .....                  (no ring)
Stlth    ++........             (no ring)
Regen    0.1/turn               (no ring)
MPRegen  0.1/turn               (no ring)
                                (no ring)
                                (no ring)

@: appendage
A: almost no armour, stealthy swim, amphibious, 8 rings, constrict 8, tentacle
spike 3, camouflage 1, gelatinous body 1
a: End Transformation


You were on level 3 of the Dungeon.
You were not hungry.
One of your tentacles had a temporary spike.
You visited 1 branch of the dungeon, and saw 3 of its levels.

You collected 107 gold pieces.

Inventory:

Missiles
 a - 50 arrows
Scrolls
 c - a scroll of fear {unknown}
 e - a scroll of teleportation {unknown}
 g - a scroll of recharging {unknown}
 j - a scroll of enchant armour {unknown}
 k - 2 scrolls of identify {unknown}
Potions
 d - 2 potions of agility {unknown}
 f - a potion of brilliance {unknown}
 i - a potion of magic {unknown}
 l - a potion of mutation {unknown}
 m - 2 potions of heal wounds {unknown}
Books
 b - a book of Changes

   Spells                             Type                      Level
   a - Beastly Appendage              Transmutation                1
   b - Sticks to Snakes               Transmutation                2
   c - Spider Form                    Transmutation/Poison         3
   d - Ice Form                       Ice/Transmutation            4
   e - Blade Hands                    Transmutation                5
Comestibles
 h - a royal jelly


   Skills:
 - Level 1.0 Fighting
 - Level 2.0 Dodging
 - Level 5.0 Unarmed Combat
 - Level 2.0 Spellcasting
 * Level 2.0 Transmutations


You had 6 spell levels left.
You knew the following spells:

 Your Spells              Type           Power        Failure   Level  Hunger
a - Beastly Appendage     Tmut           #.....       9%          1    #......


Dungeon Overview and Level Annotations

Branches:
Dungeon (3/15)

Altars:
Nemelex Xobeh


Innate Abilities, Weirdness & Mutations

You cannot wear most types of armour.
You are very stealthy in the water. (Stealth+)
You are amphibious.
You can wear up to eight rings at the same time.
You can use your tentacles to constrict eight enemies at once.
Your skin changes colour to match your surroundings (Stealth+).
Your rubbery body absorbs attacks. (AC +1, EV +1)
One of your tentacles bears a large vicious spike.


Message History

You barely miss the orc. You grab the orc.
The orc is almost dead.
You constrict the gnoll.
You kill the gnoll!
Your Unarmed Combat skill increases to level 5!
You constrict the orc.
You kill the orc!
Casting: Beastly Appendage
Confirm with . or Enter, or press ? or * to list all spells.
One of your tentacles grows a vicious spike.
A gnoll comes into view. It is wielding a spear.
The gnoll hits you with a halberd.
Things that are here:
a whip; a gnoll corpse You barely miss the gnoll.
You grab the gnoll. You constrict the gnoll.
You tentacle-slap the gnoll but do no damage.
The gnoll is lightly wounded.
You constrict the gnoll. The gnoll hits you with a halberd!
Ouch! That really hurt!
You die...

# # . .# ##.
#.# ..###..#
#g.#.?.
##.#..#
#..#####.g.#.#
.......<.@[..#
#.###.##.?)#)#
# ##.## #.#
..# ... ####


You could see 2 gnolls.

Vanquished Creatures
  A gnoll (D:3)
  5 dart slugs
  An orc (D:3)
  2 ball pythons (D:2)
  7 bats
  A giant cockroach (D:2)
  4 goblins
  10 hobgoblins
  7 jackals
  3 frilled lizards
  8 kobolds
  7 rats
56 creatures vanquished.

Notes
Turn   | Place    | Note
-------+----------+-------------------------------------------
     0 | D:1      | gungr the Octopode Transmuter began the quest for the Orb.
     0 | D:1      | Reached XP level 1. HP: 13/13 MP: 3/3
   279 | D:1      | Reached XP level 2. HP: 4/18 MP: 3/5
   896 | D:1      | Reached skill level 4 in Unarmed Combat
   964 | D:1      | Reached XP level 3. HP: 23/23 MP: 6/6
  1707 | D:2      | Reached XP level 4. HP: 28/28 MP: 7/7
  1737 | D:2      | Found a sparkling altar of Nemelex Xobeh.
  2128 | D:3      | Reached skill level 5 in Unarmed Combat
  2132 | D:3      | Mangled by a gnoll

Skill      XL: |  1  2  3  4 |
---------------+-------------+-----
Unarmed Combat | 4 5 |  5.0
Fighting       | |  1.0
Dodging        | |  2.0
Spellcasting   | |  2.0
Transmutations | |  2.0

Action                   |  1- 3 |  4- 6 || total
-------------------------+-------+-------++-------
Melee: Unarmed           |    93 |    23 ||   116
       Constrict         |    26 |     7 ||    33
       Tentacles         |    16 |     3 ||    19
       Punch             |     2 |       ||     2
       Kick              |     1 |       ||     1
 Cast: Beastly Appendage |     1 |     1 ||     2
 Stab: Sleeping          |    11 |       ||    11
       Distracted        |     1 |       ||     1
  Eat: Bread ration      |     1 |       ||     1
Armor: Skin              |    13 |       ||    13
Dodge: Dodged            |    47 |    13 ||    60
